 Dungeon Crawl Stone Soup version 0.23.1 (webtiles) character file.

Game seed: 8800732743476491963

77 Lusmu the Purveyor of Pain (level 4, -2/19 HPs)
             Began as a Felid Necromancer on Mar 14, 2019.
             Was an Initiate of Kikubaaqudgha.
             Slain by a worker ant (5 damage)
             ... on level 4 of the Dungeon.
             The game lasted 00:16:04 (5489 turns).

Lusmu the Purveyor of Pain (Felid Necromancer)      Turns: 5489, Time: 00:16:04

Health: -2/19      AC:  1    Str:  5    XL:     4   Next: 13%
Magic:  3/8        EV: 18    Int: 16    God:    Kikubaaqudgha [......]
Gold:   127        SH:  0    Dex: 16    Spells: 2/7 levels left
                                        Lives:  0   Deaths: 1

rFire    . . .     SeeInvis +     - Unarmed
rCold    . . .     Gourm    .   (shield unavailable)
rNeg     . . .     Faith    .   (armour unavailable)
rPois    .         Spirit   .   (helmet unavailable)
rElec    .         Reflect  .   (cloak unavailable)
rCorr    +         Harm     .   (gloves unavailable)
MR       .....                  (boots unavailable)
Stlth    +++.......             (no amulet)
HPRegen  0.06/turn              j - ring of resist corrosion (curse)
MPRegen  0.11/turn              (no ring)

@: lethally poisoned (-2 -> -8), quick
A: very small, no armour, no weapons or thrown items, stealth, claws 1, fangs 3,
see invisible, carnivore, speed 1, shaggy fur 1, slow metabolism 1, sharp paws
a: Renounce Religion


You were on level 4 of the Dungeon.
You worshipped Kikubaaqudgha.
Kikubaaqudgha was noncommittal.
You were completely stuffed.

You visited 2 branches of the dungeon, and saw 5 of its levels.

You collected 127 gold pieces.

Inventory:

Jewellery
 j - a cursed ring of resist corrosion (left paw)
Wands
 i - a wand of random effects (20)
Scrolls
 c - a scroll of blinking {unknown}
 e - a scroll of teleportation {unknown}
 f - a scroll of fear {unknown}
 g - 2 scrolls of identify {unknown}
Potions
 d - a potion of lignification {unknown}
 h - a potion of berserk rage {unknown}
 k - a potion of degeneration {unknown}
Comestibles
 b - 4 rations


   Skills:
 + Level 2.0 Fighting
 - Level 2.6 Dodging
 + Level 4.4 Stealth
 + Level 2.1 Unarmed Combat
 - Level 2.0 Spellcasting
 + Level 4.7 Necromancy


You had 2 spell levels left.
You knew the following spells:

 Your Spells              Type           Power        Failure   Level  Hunger
a - Pain                  Necr           ###.         3%          1    #......
b - Animate Skeleton      Necr           N/A          3%          1    #......
c - Vampiric Draining     Necr           ###.......   9%          3    ###....

Your spell library contained the following spells:

 Spells                   Type           Power        Failure   Level  Hunger
 Regeneration             Chrm/Necr      #.........   24%         3    ###....
 Animate Dead             Necr           N/A          30%         4    #####..


Dungeon Overview and Level Annotations

Branches:
Dungeon (4/15)             Temple (1/1) D:4

Altars:
Ashenzari
Elyvilon
Fedhas
Kikubaaqudgha
Nemelex Xobeh
Qazlal
Sif Muna
Trog
Uskayaw
Vehumet
Wu Jian
Xom
Zin
The Shining One

Annotations:
D:3 Grinder


Innate Abilities, Weirdness & Mutations

You cannot wear armour.
You are incapable of wielding weapons or throwing items.
Your paws allow you to move quietly. (Stealth)
You have sharp claws.
You have razor-sharp teeth.
You have supernaturally acute eyesight. (SInv)
You are carnivorous and can eat meat at any time.
You cover ground quickly.
You are covered in fur. (AC +1)
You have a slow metabolism.
Your sharp claws are effective at attacking unaware monsters.


Message History

You are lethally poisoned!
The worker ant poisons you!
Casting: Pain (safe; 3% risk of failure)
Confirm with . or Enter, or press ? or * to list all spells.
Aiming: Pain (safe; 3% risk of failure)
Press: ? - help, Shift-Dir - straight line, f/p - worker ant
Aim: a worker ant (severely wounded, chance to defeat MR: 81%)
The worker ant writhes in agony.
* * * LOW HITPOINT WARNING * * *
You feel sick. The worker ant barely misses you.
Casting: Pain (safe; 3% risk of failure)
Confirm with . or Enter, or press ? or * to list all spells.
Aiming: Pain (safe; 3% risk of failure)
Press: ? - help, Shift-Dir - straight line, f/p - worker ant
Aim: a worker ant (almost dead, chance to defeat MR: 81%)
The worker ant writhes in agony.
* * * LOW HITPOINT WARNING * * *
You feel sick. The worker ant bites you.
You die...
Kikubaaqudgha rasps: "You have failed me!
Welcome... death!"

#........#
#........#
##.#.#####
#####.#...
#.....#....#
#.....# ...#
#%..oo# ..#
#####a# #@#
#.# #.# #.#
#.# #.# #.#
#.#


You could see a worker ant and 2 orcs.

Vanquished Creatures
  Robin (D:2)
  3 adders
  A worm (D:2)
  4 dart slugs
  3 leopard geckos
  3 orcs
  2 ball pythons (D:2)
  9 bats
  3 giant cockroaches
  15 goblins
  7 hobgoblins
  2 jackals (D:3)
  7 kobolds
  3 quokkas
  5 frilled lizards
  4 rats
72 creatures vanquished.

Vanquished Creatures (collateral kills)
  An adder (D:2)
1 creature vanquished.

Grand Total: 73 creatures vanquished

Notes
Turn   | Place    | Note
-------+----------+-------------------------------------------
     0 | D:1      | Lusmu the Felid Necromancer began the quest for the Orb.
     0 | D:1      | Reached XP level 1. HP: 7/7 MP: 4/4
   683 | D:1      | Reached XP level 2. HP: 6/12 MP: 0/6
   687 | D:1      | Learned a level 1 spell: Animate Skeleton
  1211 | D:1      | Reached skill level 1 in Unarmed Combat
  1320 | D:1      | Reached skill level 1 in Fighting
  1600 | D:2      | Found a blossoming altar of Fedhas.
  1618 | D:2      | Reached XP level 3. HP: 14/15 MP: 5/7
  1733 | D:2      | Found a sparkling altar of Nemelex Xobeh.
  2228 | D:2      | Found a shattered altar of Ashenzari.
  2794 | D:2      | Reached XP level 4. HP: 19/19 MP: 8/8
  3489 | D:2      | Noticed Robin
  3517 | D:2      | Learned a level 3 spell: Vampiric Draining
  3573 | D:2      | Killed Robin
  4035 | D:3      | Found a faded altar of an unknown god.
  4381 | D:3      | Found an ornate altar of the Wu Jian Council.
  4409 | D:3      | Noticed Grinder
  4580 | D:3      | Slain by an orc wizard
  4581 | D:3      | Reached XP level 3. HP: -2/16 MP: 7/7
  4774 | D:3      | Reached XP level 4. HP: 19/19 MP: 8/8
  5012 | D:4      | Found a staircase to the Ecumenical Temple.
  5019 | Temple   | Entered the Ecumenical Temple
  5226 | Temple   | Became a worshipper of Kikubaaqudgha
  5489 | D:4      | Slain by a worker ant

Skill      XL: |  1  2  3  4 |
---------------+-------------+-----
Stealth        | 3 4 |  4.4
Unarmed Combat | 1 2 |  2.1
Fighting       | 1 2 |  2.0
Dodging        | |  2.6
Spellcasting   | |  2.0
Necromancy     | |  4.7

Action                   |  1- 3 |  4- 6 || total
-------------------------+-------+-------++-------
Melee: Unarmed           |    60 |    39 ||    99
       Bite              |     5 |     3 ||     8
       Punch             |       |     1 ||     1
 Cast: Pain              |    51 |    58 ||   109
       Animate Skeleton  |    11 |     4 ||    15
  Use: Scroll            |       |     1 ||     1
 Stab: Sleeping          |    10 |     3 ||    13
  Eat: Chunk             |    18 |     5 ||    23
Armor: Skin              |     8 |     5 ||    13
Dodge: Dodged            |    80 |    47 ||   127
